 Dungeon Crawl Stone Soup version 0.25.1-8-g42b30a86e7 (webtiles) character file.

Game seed: 17675407820600105385

110 growler the Ruffian (level 4, -1/41 HPs)
             Began as a Ghoul Monk on Dec 9, 2020.
             Slain by a gnoll (9 damage)
             ... on level 2 of the Dungeon.
             The game lasted 00:03:16 (1992 turns).

growler the Ruffian (Ghoul Monk)                    Turns: 1992, Time: 00:03:16

Health: -1/41      AC:  2    Str: 15    XL:     4   Next: 91%
Magic:  3/3        EV: 12    Int:  5    God:
Gold:   40         SH:  0    Dex: 11    Spells: 3/3 levels left

rFire    . . .     SeeInvis .     - Unarmed
rCold    + . .     Gourm    .   (no shield)
rNeg     + + +     Faith    .   a - +0 robe
rPois    ∞         Spirit   .   (no helmet)
rElec    .         Reflect  .   (no cloak)
rCorr    .         Harm     .   (no gloves)
MR       .....                  (no boots)
Stlth    ++........             (no amulet)
HPRegen  0.00/turn              (no ring)
MPRegen  0.08/turn              (no ring)

@: rotting
A: rotting body, claws 1, carnivore, cold resistance 1, negative energy
resistance 3, inhibited regeneration, torment resistance, unbreathing
a: no special abilities


You were on level 2 of the Dungeon.
You were not hungry.

You visited 1 branch of the dungeon, and saw 3 of its levels.

You collected 40 gold pieces.

Inventory:

Armour
 a - a +0 robe (worn)
Scrolls
 b - a scroll of blinking {unknown}
 d - a scroll of magic mapping {unknown}
 f - a scroll of noise {unknown}
 h - a scroll of identify {unknown}
 i - a scroll of enchant armour {unknown}
Potions
 c - 2 potions of curing {unknown}
 g - 4 potions of heal wounds {unknown}
 j - a potion of degeneration {unknown}
Comestibles
 e - 3 rations {!d}
 k - a chunk of flesh


   Skills:
 + Level 4.3 Fighting
 - Level 2.6 Dodging
 - Level 2.1 Stealth
 * Level 5.2 Unarmed Combat


You had 3 spell levels left.
You didn't know any spells.
Your spell library was empty.

Dungeon Overview and Level Annotations

Branches:
Dungeon (3/15)

Altars:


Innate Abilities, Weirdness & Mutations

Your body is rotting away.
You thrive on raw meat.
You are immune to poison.
You have sharp fingernails.
You are carnivorous and can eat meat at any time.
Your flesh is cold resistant. (rC+)
You are immune to negative energy. (rN+++)
You do not regenerate when monsters are visible.
You are immune to unholy pain and torment.
You can survive without breathing.


Message History

You kill the orc priest!
Your Unarmed Combat skill increases to level 5!
The orc misses you.
You scratch the orc. The orc barely misses you.
You scratch the orc. The orc barely misses you.
You claw the orc!
You kill the orc!
No target in view!
No target in view!
Things that are here:
a +0 dagger; an orc corpse You butcher the orc corpse.
k - 4 chunks of flesh (gained 1)
Things that are here:
a +0 dagger; an orc skeleton
There is a stone staircase leading down here.
You see here a +0 dagger.
There isn't anything to butcher here.
There is a stone staircase leading down here.
You start resting.
Some of the chunks of flesh in your inventory have rotted away.
You climb downwards.
The orc hits you but does no damage. The orc closely misses you.
There is a stone staircase leading up here.
You scratch the orc but do no damage. The orc hits you with a +0 dagger.
You barely miss the gnoll. The gnoll hits you.
You barely miss the gnoll. The orc hits you with a +0 dagger.
The gnoll closely misses you.
You barely miss the gnoll. The orc hits you with a +0 dagger.
The gnoll closely misses you.
You barely miss the gnoll. The orc barely misses you. The gnoll hits you.
You scratch the gnoll. The orc misses you.
The gnoll hits you but does no damage.
You scratch the gnoll. The orc hits you with a +0 dagger. The gnoll hits you.
* * * LOW HITPOINT WARNING * * *
You scratch the gnoll but do no damage. The orc hits you but does no damage.
The gnoll hits you.
* * * LOW HITPOINT WARNING * * *
You scratch the gnoll but do no damage. The orc completely misses you.
You closely miss the gnoll. The gnoll misses you.
The orc hits you with a +0 dagger.
* * * LOW HITPOINT WARNING * * *
You barely miss the gnoll. The gnoll hits you.
* * * LOW HITPOINT WARNING * * *
The orc hits you but does no damage.
You barely miss the gnoll. The gnoll closely misses you.
You closely miss the gnoll. The orc hits you with a +0 dagger!
* * * LOW HITPOINT WARNING * * *
The gnoll hits you!
You die...

##(###.....###.
#.......[...#.#
#..#####...#.##
###............#.
#................
#>#.#####..#.###.
#....####..#.####
#####...........^....
##.##@......##..###.##
#....og......#.o# #...
####.##.<......#).###.#.
#...............>)......
#.......................
#..........##....#......
#...#.....###....#......
#.............#..#......
#.........###....#......


You could see a gnoll and an orc.

Vanquished Creatures
  An orc priest (D:1)
  3 gnolls
  An ooze (D:1)
  3 dart slugs (D:1)
  4 leopard geckos
  2 orcs
  3 giant cockroaches
  4 hobgoblins
  3 bats
  6 frilled lizards (D:1)
  3 goblins
  2 kobolds
  4 rats
39 creatures vanquished.

Notes
Turn   | Place    | Note
-------+----------+-------------------------------------------
     0 | D:1      | growler the Ghoul Monk began the quest for the Orb.
     0 | D:1      | Reached XP level 1. HP: 19/19 MP: 0/0
    48 | D:1      | Reached XP level 2. HP: 10/26 MP: 1/1
   190 | D:1      | Reached skill level 4 in Unarmed Combat
   327 | D:1      | Reached XP level 3. HP: 33/33 MP: 2/2
  1526 | D:2      | Reached XP level 4. HP: 23/40 MP: 3/3
  1875 | D:1      | Reached skill level 5 in Unarmed Combat
  1992 | D:2      | Slain by a gnoll

Illustrated notes

Levels and vault maps discovered:
D:1:      sevenhm_arrival_forest_fort_small_3, layout_basic, serial_bayou,
          serial_bayou_shore_b, serial_bayou_pond_d, serial_bayou_ford_a,
          serial_bayou_pond_e, hangedman_decor_push
D:2:      layout_loops_ring
D:3:      layout_loops_ring

Skill      XL: |  1  2  3  4 |
---------------+-------------+-----
Unarmed Combat | 4 5 |  5.2
Fighting       | 4 |  4.3
Dodging        | |  2.6
Stealth        | |  2.1

Action                   |  1- 3 |  4- 6 || total
-------------------------+-------+-------++-------
Melee: Unarmed           |    87 |    33 ||   120
       Punch             |     2 |       ||     2
 Stab: Sleeping          |     4 |       ||     4
  Eat: Chunk             |     8 |     2 ||    10
Armor: Robe              |    16 |     5 ||    21
Dodge: Dodged            |    56 |    37 ||    93
